Cogmind - Beta 10 @@@ ROGUE MODE // 2020.09.15 @ 12:13:43 Player: Espresso Result: Destroyed by G-47 Trooper with Particle Gun Performance ------------- Evolutions (3) 1500 Regions Visited (8) 1600 Robots Destroyed (14) 70 Value Destroyed (261) 261 Prototype IDs (2) 40 Alien Tech Used (0) 0 Bonus (687) 687 TOTAL SCORE: 4158 Bonus ------- Pacifist 200 Follower Combat Kills 187 Aligned with FarCom 300 Cogmind --------- Core Integrity 0/700 Matter 300/300 Energy 99/100 System Corruption 1% Temperature Cool (9) Movement Core (50) Location -7/Storage Parts ------- > --- POWER (2) -------- (None) > --- PROPULSION (5) --- (None) > --- UTILITY (4) ------ (None) > --- WEAPON (2) ------- (None) > --- INVENTORY (4) ---- Humpback Mini Assault Cannon Mini Assault Cannon Peak State ------------ > --- POWER ------------ Light Ion Engine > --- PROPULSION ------- Light Treads > --- UTILITY ---------- Weight Redist. System > --- WEAPON ----------- Mini Assault Cannon Mini Assault Cannon > --- INVENTORY -------- Humpback Mini Assault Cannon Mini Assault Cannon [Rating: 15] Favorites ----------- Power Light Ion Engine Engine Light Ion Engine Propulsion VTOL Module Treads Light Treads Wheel Compact Wheel Hover Unit Gravmag System Flight Unit VTOL Module Utility Tractor Beam Device Tractor Beam Storage Small Storage Unit Weapon Gatling Laser Energy Gun Gatling Laser Ballistic Gun Light Assault Rifle Ballistic Cannon Mini Assault Cannon Launcher Rocket Launcher Slashing Weapon Mining Claw Build | -11 -10 -9 -9 -9 -8 -8 -7 -7 ------- Run | Scr Mat Mat Min Exi Min Mat Fac Sto Slots Evolved 6 | . . 2 . . . 2 2 . Power 1 | . . . . . . 1 . . Propulsion 3 | . . 2 . . . . 1 . Utility 2 | . . . . . . 1 1 . Weapon . | . . . . . . . . . Parts Attached 42 | 5 1 17 2 5 . 5 3 4 Power 5 | 1 . 1 . 1 . 1 . 1 Engine 5 | 1 . 1 . 1 . 1 . 1 Core . | . . . . . . . . . Reactor . | . . . . . . . . . Propulsion 18 | 2 . 9 1 3 . 1 1 1 Treads 1 | . . . . . . . . 1 Leg . | . . . . . . . . . Wheel 2 | 2 . . . . . . . . Hover 2 | . . 1 . . . . 1 . Flight 13 | . . 8 1 3 . 1 . . Utility 6 | 1 1 1 . 1 . 1 1 . Device 2 | . . 1 . . . . 1 . Storage 4 | 1 1 . . 1 . 1 . . Processor . | . . . . . . . . . Hackware . | . . . . . . . . . Protection . | . . . . . . . . . Artifact . | . . . . . . . . . Weapon 13 | 1 . 6 1 . . 2 1 2 Energy Gun 3 | 1 . . . . . 2 . . Energy Cannon . | . . . . . . . . . Ballistic Gun 4 | . . 2 1 . . . 1 . Ballistic Cannon 2 | . . . . . . . . 2 Launcher 2 | . . 2 . . . . . . Special Weapon . | . . . . . . . . . Impact Weapon . | . . . . . . . . . Slashing Weapon 2 | . . 2 . . . . . . Piercing Weapon . | . . . . . . . . . Special Melee Weapon . | . . . . . . . . . Unidentified Prototypes 2 | . . 1 . . . . . 1 Parts Lost 14 | . . 3 . . 5 4 1 1 Power 2 | . . . . . 1 . . 1 Propulsion 8 | . . 2 . . 3 2 1 . Utility . | . . . . . . . . . Weapon 4 | . . 1 . . 1 2 . . Highest Loss Streak 5 | . . 1 . . 5 3 1 1 Average Slot Usage (%) 35 | . 70 46 59 59 44 27 6 13 Engine 6 | . 12 8 11 11 5 6 . 2 Wheel 1 | . 24 . . . . . . . Flight 13 | . . 20 16 32 33 7 . . Device 3 | . . 7 11 5 . . 2 4 Energy Gun 3 | . 12 . . . . 14 . . Ballistic Gun 4 | . . 4 21 11 6 . . . Naked Turns 311 | . 15 58 . . . 47 41 150 Heaviest Build 13 | 11 12 8 8 5 4 13 . 11 Greatest Support 26 | 26 26 16 10 18 10 4 17 20 Greatest Overweight (x) 4 | . . 1 1 . . 4 . 3 Average Overweight (x) . | . . . . . . 1 . . Largest Inventory Capacity 24 | 6 6 4 4 24 4 24 4 4 Average Capacity 4 | 4 5 4 4 4 4 4 4 4 Most Carried 4 | . . 4 4 4 3 3 3 4 Average Carried 2 | . . 1 3 3 3 2 2 3 Final Capacity 6 | 6 4 4 4 4 4 4 4 4 Final Carried 4 | . . 4 4 3 3 3 3 4 Class Distribution -------------------- 85% | Mutant 14% | Scavenger-Mutant Dominant Class ---------------- Mutant | -10/Materials Mutant | -9/Materials Mutant | -9/Mines Scavenger-Mutant | -9/Exiles Mutant | -8/Mines Mutant | -8/Materials Mutant | -7/Factory Mutant | -7/Storage Resources | -11 -10 -9 -9 -9 -8 -8 -7 -7 ----------- Run | Scr Mat Mat Min Exi Min Mat Fac Sto Matter Collected 679 | 95 . 425 20 . . 20 . 119 Remotely 195 | . . 195 . . . . . . Salvage Created 340 | . . 207 . . . 29 . 104 Parts 30 | . . 24 . . . 3 . 3 Haulers Intercepted 1 | . . 1 . . . . . . Recyclers Shooed 2 | . . . . . . . . 2 Parts Field Recycled . | . . . . . . . . . Retrieved Matter . | . . . . . . . . . Parts Self-Destructed . | . . . . . . . . . Prevented . | . . . . . . . . . Kills | -11 -10 -9 -9 -9 -8 -8 -7 -7 ------- Run | Scr Mat Mat Min Exi Min Mat Fac Sto Combat Hostiles Destroyed 8 | . . 4 . . . 3 . 1 Guns 4 | . . 1 . . . 3 . . Cannons 1 | . . . . . . . . 1 AOE 3 | . . 3 . . . . . . Classes Destroyed 9 | . . 8 . . . . . 1 Worker 1 | . . 1 . . . . . . Tunneler 1 | . . 1 . . . . . . Hauler 1 | . . 1 . . . . . . Recycler 2 | . . 1 . . . . . 1 Watcher 1 | . . 1 . . . . . . Swarmer 4 | . . 1 . . . 3 . . Grunt 2 | . . 2 . . . . . . Sentry 1 | . . 1 . . . . . . Programmer 1 | . . . . . . . . 1 Best Kill Streak 4 | . . 4 . . . 2 . 1 Combat Bots Only 2 | . . 2 . . . 2 . 1 Max Kills in Single Turn 4 | . . 4 . . . 1 . 1 Gunslinging . | . . . . . . . . . Exploded 1 | . . 1 . . . . . . Melee . | . . . . . . . . . Uniques/NPCs Destroyed . | . . . . . . . . . Combat | -11 -10 -9 -9 -9 -8 -8 -7 -7 -------- Run | Scr Mat Mat Min Exi Min Mat Fac Sto Damage Taken 2089 | . 169 444 . . 199 429 129 719 Core 1350 | . 122 250 . . 41 227 79 631 Absorbed by Shields . | . . . . . . . . . Core Remaining (%) 59 | 100 51 . . . 27 58 . . Volleys Fired 47 | . 3 36 . . . 4 . 4 Largest 2 | . 1 2 . . . 2 . 2 Hottest 160 | . 50 43 . . . 160 . 96 Shots Fired 57 | . 3 39 . . . 8 . 7 Gun 42 | . 3 31 . . . 8 . . Cannon 7 | . . . . . . . . 7 Launcher 8 | . . 8 . . . . . . Special . | . . . . . . . . . Kinetic 38 | . . 31 . . . . . 7 Thermal 11 | . 3 . . . . 8 . . Explosive 8 | . . 8 . . . . . . Electromagnetic . | . . . . . . . . . Robot Hit Streak 10 | . 1 9 . . . 10 . 2 Robot Miss Streak 6 | . 2 2 . . . 6 . 3 Penetration Max . | . . . . . . . . . Secondary Targets . | . . . . . . . . . Shots Hit Robots 40 | . 1 28 . . . 7 . 4 Core Hits 30 | . 1 19 . . . 6 2 2 Critical Hits 1 | . . 1 . . . . . . Critical Kills . | . . . . . . . . . Critical Parts Destroyed 1 | . . 1 . . . . . . Melee Attacks 2 | . . 2 . . . . . . Impact . | . . . . . . . . . Slashing 2 | . . 2 . . . . . . Piercing . | . . . . . . . . . Sneak Attacks . | . . . . . . . . . Combat Hostiles . | . . . . . . . . . Follow-up Attacks . | . . . . . . . . . Damage Inflicted 1064 | . 33 769 . . . 124 12 126 Guns 337 | . 12 227 . . . 98 . . Cannons 126 | . . . . . . . . 126 Explosions 542 | . . 542 . . . . . . Melee . | . . . . . . . . . Ramming 59 | . 21 . . . . 26 12 . Kinetic 353 | . . 227 . . . . . 126 Thermal 110 | . 12 . . . . 98 . . Explosive 542 | . . 542 . . . . . . Electromagnetic . | . . . . . . . . . Impact . | . . . . . . . . . Slashing . | . . . . . . . . . Piercing . | . . . . . . . . . Highest Corruption 1 | . . . . . . . . 1 Average Corruption 1 | . . . . . . . . 1 Corruption Purged . | . . . . . . . . . Effects 4 | . . . . . . . . 4 Message Errors 2 | . . . . . . . . 2 Data Loss (minor) 1 | . . . . . . . . 1 Weapon Failures 1 | . . . . . . . . 1 Overload Shots . | . . . . . . . . . Overflow Damage 1 | . . . . . . . . 1 Projectiles 1 | . . . . . . . . 1 Explosions . | . . . . . . . . . Melee . | . . . . . . . . . Knockbacks 2 | . . . . . . 1 . 1 Impact 1 | . . . . . . 1 . . Kinetic 1 | . . . . . . . . 1 Secondary . | . . . . . . . . . Self-Inflicted Damage 51 | . 10 24 . . . 12 5 . Shots 1 | . . 1 . . . . . . Rammed 13 | . 4 . . . . 6 3 . Targets Rammed 13 | . 4 . . . . 6 3 . Kicked . | . . . . . . . . . Crushed . | . . . . . . . . . Highest Temperature 168 | . 54 5 . . . 168 . 14 Average Temperature 42 | . 31 2 . . . 69 . 7 Received Heat Transfer 594 | . 24 81 . . 9 144 72 264 Siege Activations . | . . . . . . . . . Robots Corrupted . | . . . . . . . . . Combat Hostiles . | . . . . . . . . . Parts Fried . | . . . . . . . . . Impact Corruptions . | . . . . . . . . . Robots Melted . | . . . . . . . . . Combat Hostiles . | . . . . . . . . . Parts Melted 1 | . . . . . . 1 . . Heat Transferred 262 | . 37 . . . . 225 . . Parts Sabotaged . | . . . . . . . . . Parts Stolen . | . . . . . . . . . Parts Stripped . | . . . . . . . . . Power Chain Reactions . | . . . . . . . . . Missiles Intercepted . | . . . . . . . . . Alert | -11 -10 -9 -9 -9 -8 -8 -7 -7 ------- Run | Scr Mat Mat Min Exi Min Mat Fac Sto Peak Influence 198 | . 30 164 . . . 85 48 198 Initial 21 | . . 12 . . . . 13 21 Average 56 | . 18 130 . . . 19 31 90 Maximum Alert Level . | . . . . . . . . . Low Security (%) 100 | 100 100 100 100 . 100 100 100 100 Level 1 . | . . . . . . . . . Level 2 . | . . . . . . . . . Level 3 . | . . . . . . . . . Level 4 . | . . . . . . . . . Level 5 . | . . . . . . . . . High Security . | . . . . . . . . . Max Security . | . . . . . . . . . Squads Dispatched 9 | . 1 2 . . . 1 1 4 Investigation 3 | . . . . . . 1 1 1 Extermination . | . . . . . . . . . Reinforcement 6 | . 1 2 . . . . . 3 Assault . | . . . . . . . . . Garrison . | . . . . . . . . . Intercept . | . . . . . . . . . Construction Impeded 1 | . . . . . . . . 1 Haulers Reinforced . | . . . . . . . . . Stealth | -11 -10 -9 -9 -9 -8 -8 -7 -7 --------- Run | Scr Mat Mat Min Exi Min Mat Fac Sto Distress Signals 5 | . 2 2 . . . 1 . . Communications Jammed . | . . . . . . . . . Distress Signals . | . . . . . . . . . Times Spotted 119 | . 9 33 4 . 23 15 7 28 Peak Tracking Total 13 | . 6 7 3 . 10 11 5 13 Tactical Retreats 16 | . 1 2 1 . 5 2 3 2 Traps | -11 -10 -9 -9 -9 -8 -8 -7 -7 ------- Run | Scr Mat Mat Min Exi Min Mat Fac Sto Traps Triggered 5 | . . . . . . 1 . 4 Indirectly . | . . . . . . . . . Trap Hack Attempts . | . . . . . . . . . Triggered . | . . . . . . . . . Disarmed . | . . . . . . . . . Reprogrammed . | . . . . . . . . . Reused . | . . . . . . . . . Traps Extracted . | . . . . . . . . . Installed . | . . . . . . . . . Triggered . | . . . . . . . . . Machines | -11 -10 -9 -9 -9 -8 -8 -7 -7 ---------- Run | Scr Mat Mat Min Exi Min Mat Fac Sto Machines Disabled 1 | . . 1 . . . . . . Max in Single Turn 1 | . . 1 . . . . . . Machines Sabotaged . | . . . . . . . . . Garrisons Compromised . | . . . . . . . . . Overloaded Fab Kills . | . . . . . . . . . Fab Network Shutdowns . | . . . . . . . . . Hacking | -11 -10 -9 -9 -9 -8 -8 -7 -7 --------- Run | Scr Mat Mat Min Exi Min Mat Fac Sto Machines Accessed 6 | . . . . 3 . 2 1 . Terminals 1 | . . . . . . 1 . . Fabricators . | . . . . . . . . . Repair Stations . | . . . . . . . . . Recycling Units 1 | . . . . . . 1 . . Scanalyzers . | . . . . . . . . . Garrison Access 1 | . . . . . . . 1 . Total Hacks 32 | . . . . 26 . 4 2 . Successful 29 | . . . . 26 . 3 . . Failed 3 | . . . . . . 1 2 . Catastrophic 2 | . . . . . . . 2 . Database Lockouts . | . . . . . . . . . Manual . | . . . . . . . . . Terminals 3 | . . . . . . 3 . . Fabricators . | . . . . . . . . . Repair Stations . | . . . . . . . . . Recycling Units 1 | . . . . . . 1 . . Scanalyzers . | . . . . . . . . . Garrison Access 2 | . . . . . . . 2 . Terminal Hacks 28 | . . . . 26 . 2 . . Record 26 | . . . . 26 . . . . Alert Level 1 | . . . . . . 1 . . Zone Layout 1 | . . . . . . 1 . . Fabricator Hacks . | . . . . . . . . . Repair Station Hacks . | . . . . . . . . . Recycling Unit Hacks 1 | . . . . . . 1 . . Report Inventory 1 | . . . . . . 1 . . Scanalyzer . | . . . . . . . . . Garrison Access Hacks . | . . . . . . . . . Unauthorized Hacks . | . . . . . . . . . Terminals . | . . . . . . . . . Fabricators . | . . . . . . . . . Repair Stations . | . . . . . . . . . Recycling Units . | . . . . . . . . . Scanalyzers . | . . . . . . . . . Garrison Access . | . . . . . . . . . Data Cores Recovered . | . . . . . . . . . Used . | . . . . . . . . . Hacking Detections 3 | . . . . . . 2 1 . Full Trace Events 1 | . . . . . . . 1 . Feedback Events . | . . . . . . . . . Feedback Blocked . | . . . . . . . . . Robot Schematics Acquired . | . . . . . . . . . Robots Built . | . . . . . . . . . Matter . | . . . . . . . . . Time . | . . . . . . . . . Total Robot Build Rating . | . . . . . . . . . Part Schematics Acquired . | . . . . . . . . . Parts Built . | . . . . . . . . . Matter . | . . . . . . . . . Time . | . . . . . . . . . Total Part Build Rating . | . . . . . . . . . Parts Repaired . | . . . . . . . . . Time . | . . . . . . . . . Parts Recycled . | . . . . . . . . . Recycled Matter . | . . . . . . . . . Retrieved Matter . | . . . . . . . . . Retrieved Components . | . . . . . . . . . Parts Scanalyzed . | . . . . . . . . . Part Schematics Acquired . | . . . . . . . . . Parts Damaged . | . . . . . . . . . Bothacking | -11 -10 -9 -9 -9 -8 -8 -7 -7 ------------ Run | Scr Mat Mat Min Exi Min Mat Fac Sto Used RIF Installer . | . . . . . . . . . Robots Hacked . | . . . . . . . . . Non-combat . | . . . . . . . . . Combat . | . . . . . . . . . Robot Hacks Applied . | . . . . . . . . . Relay Couplers Released . | . . . . . . . . . Robots Rewired . | . . . . . . . . . Allies Hacked . | . . . . . . . . . Hacks Repelled . | . . . . . . . . . Allies | -11 -10 -9 -9 -9 -8 -8 -7 -7 -------- Run | Scr Mat Mat Min Exi Min Mat Fac Sto Total Allies 3 | . . . . . . . . 3 Largest Group 3 | . . . . . . . . 3 Highest-Rated Group 145 | . . . . . . . . 145 Highest-Rated Ally 99 | . . . . . . . . 99 Total Orders . | . . . . . . . . . Ally Attacks 27 | . . . . . . . . 27 Total Damage 1032 | . . . . . . . . 1032 Kills 6 | . . . . . . . . 6 Allies Corrupted . | . . . . . . . . . Allies Melted . | . . . . . . . . . Intel | -11 -10 -9 -9 -9 -8 -8 -7 -7 ------- Run | Scr Mat Mat Min Exi Min Mat Fac Sto Robot Analysis Total . | . . . . . . . . . Derelict Logs Recovered 2 | . . . 2 . . . . . Drone Launches . | . . . . . . . . . Drone Recoveries . | . . . . . . . . . Exploration | -11 -10 -9 -9 -9 -8 -8 -7 -7 ------------- Run | Scr Mat Mat Min Exi Min Mat Fac Sto Turns Passed 2206 | 41 94 407 131 312 122 497 211 391 Spaces Moved 2763 | 38 100 355 103 779 308 358 361 361 Core 790 | 1 26 142 . . . 89 187 345 Treads 16 | . . . . . . . . 16 Legs . | . . . . . . . . . Wheels 111 | 37 74 . . . . . . . Hover 174 | . . . . . . . 174 . Flight 1672 | . . 213 103 779 308 269 . . Fastest Speed 31 | 50 50 31 37 31 37 40 50 50 Average Speed 60 | 89 79 46 67 37 38 121 54 75 Slowest Speed 280 | 100 90 120 120 40 40 280 60 200 Overloaded Moves . | . . . . . . . . . Propulsion Burnouts . | . . . . . . . . . Robots Hopped 7 | . . . 1 . 6 . . . Cave-ins Triggered . | . . . . . . . . . Exploration Rate (%) 41 | 3 27 40 30 93 79 35 10 53 Regions Visited 8 Branch Regions 4 Pre-discovered Areas 1 | . . . 1 . . . . . Known Exits Taken 1 | . . . 1 . . . . . Unknown Exits Taken 7 | 1 1 1 . 1 1 1 1 . Scrap Searched 2 | . . . 1 . 1 . . . Spaces Dug . | . . . . . . . . . Terrain Destroyed 39 | . . 38 . . . . . 1 Melee . | . . . . . . . . . Projectile 1 | . . . . . . . . 1 AOE 38 | . . 38 . . . . . . Terrain Rammed . | . . . . . . . . . Walls Destroyed . | . . . . . . . . . Machines Disabled . | . . . . . . . . . Actions | -11 -10 -9 -9 -9 -8 -8 -7 -7 --------- Run | Scr Mat Mat Min Exi Min Mat Fac Sto Total 3231 | 42 111 556 164 800 305 409 373 471 Wait 341 | . 1 133 54 11 4 35 6 97 Move 2744 | 37 99 354 100 778 297 358 360 361 Hop 5 | . . . 1 . 4 . . . Pick Up 14 | . . 8 1 1 . . . 4 Fast Attach 28 | 5 1 9 1 4 . 4 2 2 Attach 12 | . . 6 1 1 . 1 1 2 Detach 6 | . . 2 2 . . 1 1 . Swap 2 | . . 2 . . . . . . Drop 18 | . 3 4 4 5 . 1 . 1 Fire 47 | . 3 36 . . . 4 . 4 Melee 2 | . . 2 . . . . . . Ram 12 | . 4 . . . . 5 3 . Kick . | . . . . . . . . . Crush . | . . . . . . . . . Escape Stasis . | . . . . . . . . . Rewire . | . . . . . . . . . Trap . | . . . . . . . . . Miscellaneous . | . . . . . . . . . Route ------- -11/Scrapyard -10/Materials -9/Materials -9/Mines (discovered 2 exits: *Mat / *Exi) -9/Exiles (discovered 2 exits: [*Min x2]) -8/Mines -8/Materials -7/Factory -7/Storage History --------- Turn | Location | Event 15 | -11/Scrapyard | Discovered new exit (range 16) 42 | -11/Scrapyard | Entered Materials 121 | -10/Materials | Released all parts (3) 132 | -10/Materials | Discovered new exit (range 9) 136 | -10/Materials | Entered another Materials area 136 | -9/Materials | Evolved 2 slots: Propulsion x2 236 | -9/Materials | Core integrity fell below 50% 237 | -9/Materials | Met 8R-AWN 461 | -9/Materials | Discovered new exit (range 15) 543 | -9/Materials | Entered Mines 544 | -9/Mines | Followed 8R-AWN into the Mines 594 | -9/Mines | Learned location of Zion (-7) 596 | -9/Mines | Identified exit to Exiles 620 | -9/Mines | Build established: Mutant 644 | -9/Mines | Discovered new exit (range 5) 674 | -9/Mines | Entered Exiles 688 | -9/Exiles | Welcomed by 8R-AWN 699 | -9/Exiles | Met EX-HEX 720 | -9/Exiles | Met EX-DEC 744 | -9/Exiles | Met EX-BIN 757 | -9/Exiles | Aligned with FarCom system 757 | -9/Exiles | Given EX-Vault access code 813 | -9/Exiles | Discovered new exit (range 14) 854 | -9/Exiles | Visited The Gauntlet 909 | -9/Exiles | Learned about 8R-AWN's background 918 | -9/Exiles | Discovered new exit (range 15) 986 | -9/Exiles | Entered Mines 1105 | -8/Mines | Discovered new exit (range 8) 1108 | -8/Mines | Lost 5 parts (1p3n1w) 1108 | -8/Mines | Entered Materials 1108 | -8/Materials | Evolved 2 slots: Power x1, Utility x1 1589 | -8/Materials | Lost 3 parts (1n2w) 1596 | -8/Materials | Discovered new exit (range 14) 1605 | -8/Materials | Entered Factory 1605 | -7/Factory | Evolved 2 slots: Propulsion x1, Utility x1 1809 | -7/Factory | Discovered new exit (range 14) 1816 | -7/Factory | Entered Storage 1853 | -7/Storage | Met 01-MTF 2057 | -7/Storage | Released all parts (4) 2167 | -7/Storage | Core integrity fell below 50% 2175 | -7/Storage | Core integrity fell below 20% 2207 | -7/Storage | Destroyed by G-47 Trooper with Particle Gun Last Messages --------------- U-05 Engineer lays Concrete. R-06 Scavenger collects Shock Rifle. ALERT: Construction progress impeded, dispatching reinforcements to local area. U-05 Engineer lays Concrete. L-41 Fighter shuts down. L-41 Fighter rewired by 01-MTF. 01-MTF resets L-41 Fighter, system corruption cleaned. 01-MTF fails to hack G-47 Trooper. 01-MTF hacks G-47 Trooper, rebooting. G-47 Trooper shuts down. G-47 Trooper rewired by 01-MTF. G-47 Trooper destroyed. G-47 Trooper reactivates. G-47 Trooper destroyed. %W%ZSYX5E2L#HGKXIKBS|&SS1NPA 01-MTF fails to hack Y-54 Guardian. 01-MTF destroyed. System corrupted: Component data lost. K-01 Serf collects debris. Map ----- +----------------------------------------------------+ | | | | | | | | | ????????????????????????????????????????????????? | | ????????????????????????????????????????????????? | | ????????????????????????????????????????????????? | | ????????????????????????????????????????????????? | | ????????????????????????????????????????????????? | | ????#####?????????????####??????????????????????? | | ??? #???????????? ??????????????????????? | | ??# #???????????? ??????????????????????? | | ??# #???????????? ??????????????????????? | | ??# """ #???????????? ??????????????????????? | | ???? """ #????????????# #??????????????????????? | | ??????"" ###??????????# #??????????g???????????? | | ????####+# ??????????+ +??????????????????????? | | # + # ??????????#k #??????????g???????????? | | # # # ??????????# #??????????????????????? | | # """ # # ??????????# #?l????????????????????? | | # """ + # ??????????# #??????????????????????? | | # """ # #/#??????###?# #??????????????????????? | | # ??# ######## ### #??????????????????????? | | ?##????# # ## ###########????????????? | | ???????# # # #????????????? | | ???????# # # @ #????????????? | | ???????# # """ """ # ]| #????????????? | | ???????# / """ """ # !!! ]gg #????????????? | | ???????# # """ """ # m!!!=%] g #????????????? | | ?????### # # k!! = ! kk#????????????? | | ????? # # # % ######???????? | | ?????" # ##"T"###### ? | | ?????" # ##"""#????# g ##########????? | | #??""" # #?####????# #######+###????????????? | | # # #?????????# ## #????????????? | | # """ # ###########r ## """#????????????? | | # """ # # = Yg ## """#????????????? | | # """ # # *%Y ###gg## ] """#????????????? | | # # # Y%#?# ## """#####????????? | | #! """ # %#! Y #?#g ## """# #????????? | | # """ + *=/%=Y ### ## # #????????? | | # """ # %!#! + ## # #????????? | | # # # ### + % # #????????? | | ?#### ## # #?## ######## ## #????????? | | ????##?# # #??# #???????### #????????? | | ???????# ####+#####??# ########### ########## | | ???????# #??# #??????# ^ | | ???##### #??# ######## ^ | | ???# + #??# | | ??#T # #??# #### ########+######+#### | +----------------------------------------------------+ Best States ------------- Heat Dissipation 34 Energy Generation 14 Energy Capacity 350 Matter Stores 300 Matter Capacity 300 Sight Range 16 Terrain Scan Density 10 Additional Mass Support 6 Evasion (%) 63 Recoil Reduction 1 Item Schematics ----------------- None Robot Schematics ------------------ None Fabricated ------------ Nothing Alien Tech Used ----------------- None Achievements -------------- Librarian Use The Force Challenges ------------ None Game ------ Seed TargetingTacticalCore Manual? 0 Play Time 00:34:31 Cumulative 3.4 hours Start 2020.09.15 @ 11:43:42 End 2020.09.15 @ 12:13:43 Sessions 1 Manual Loads 0 Difficulty Rogue Special Mode None Game No. 6 Rogue 6 Adventurer 0 Explorer 0 Win Type - Total 0 Types 0/0/0/0/0/0/0/0/0 Lore% 10 Gallery% 12 Achievement% 10 Wizard Run 0 Options --------- ASCII 0 Keyboard 0 Movement Numpad Keybinds 0 Fullscreen 1 Font 18/TerminusBold Map View 76x50 Tactical HUD 0 Map Filters NONE Filters NONE Steam 1 RUN: f6627927-bc54-497d-ba7f-099295c629c7